 Dungeon Crawl Stone Soup version 0.18.1-1-g2f07953 (webtiles) character file.

2397 Ihatecarrots00 the Protected (level 9, -29/81 (82) HPs)
             Began as a Minotaur Berserker on May 13, 2016.
             Was an Elder of Trog.
             Killed from afar by Erica (34 damage)
             ... with a bolt of poison
             ... on level 8 of the Dungeon on May 16, 2016.
             The game lasted 00:55:51 (9850 turns).

Ihatecarrots00 the Protected (Minotaur Berserker)   Turns: 9850, Time: 00:55:52

HP:   -29/81 (82)   AC: 11    Str: 23    XL:     9   Next: 22%
MP:   8/8           EV:  6    Int:  4    God:    Trog [****..]
Gold: 336           SH:  0    Dex: 12    Spells: 0 memorised, 8 levels left

rFire  . . .     SeeInvis .     a - +1 mace
rCold  . . .     Gourm    .     g - +0 chain mail
rNeg   . . .     Faith    .     L - +0 large shield
rPois  .         Spirit   .     (helmet restricted)
rElec  .         Dismiss  .     (no cloak)
rCorr  .         Reflect  .     (no gloves)
SustAt .         Harm     .     (no boots)
MR     .....                    (no amulet)
Stlth  ..........               (no ring)
                                (no ring)

@: confused, lethally poisoned (-29 -> -46), exhausted, slowed, very slow, not
resistant to hostile enchantments, extremely unstealthy
A: retaliatory headbutt, horns 2
a: Berserk, Trog's Hand, Brothers in Arms, Burn Spellbooks, Renounce Religion


You were on level 8 of the Dungeon.
You worshipped Trog.
Trog was greatly pleased with you.
You were not hungry.

You visited 1 branch of the dungeon, and saw 8 of its levels.

You collected 336 gold pieces.

Inventory:

Hand Weapons
 a - a +1 mace (weapon)
 d - a cursed -3 giant club
 i - a +0 giant club
 l - a +1 giant spiked club
 o - a +0 trident
 t - a +1 short sword of venom
 u - a +0 morningstar
 x - a +2 quarterstaff of chaos
 F - a +0 glaive
 J - a +0 long sword
 K - a +0 arbalest
Armour
 b - a +0 animal skin
 c - a +0 ring mail
 g - a +0 chain mail (worn)
 j - a +0 leather armour
 q - a +0 helmet
 G - a +0 chain mail
 L - a +0 large shield (worn)
Jewellery
 h - an uncursed ring of sustain attributes {unknown}
 r - an uncursed ring of flight {unknown}
 y - an uncursed ring of fire {unknown}
 H - an uncursed ring of stealth {unknown}
Wands
 B - a wand of paralysis (7/24)
 D - a wand of iceblast (7/15)
Scrolls
 p - 2 scrolls of fear
 A - 2 scrolls of remove curse
 I - 3 scrolls of identify
 N - a scroll of blinking
Potions
 e - a potion of magic {unknown}
 f - a potion of invisibility {unknown}
 k - a potion of brilliance {unknown}
 n - a potion of cancellation {unknown}
 s - a potion of might {unknown}
 v - 2 potions of haste {unknown}
 w - 2 potions of mutation {unknown}
 z - 5 potions of heal wounds
 M - a potion of curing
Books
 E - a book of Unlife

   Spells                             Type                      Level
   a - Recall                         Summoning/Translocation      3
   b - Animate Dead                   Necromancy                   4
   c - Control Undead                 Necromancy                   4
   d - Cigotuvi's Embrace             Necromancy                   5
   e - Death Channel                  Necromancy                   6
   f - Simulacrum                     Ice/Necromancy               6
   Trog disapproves of the use of such an item.
Comestibles
 m - a bread ration
 C - 2 beef jerkies


   Skills:
 + Level 8.4 Fighting
 + Level 8.0 Maces & Flails
 + Level 8.5 Armour
 + Level 6.1 Dodging
 + Level 1.4 Stealth


You had 8 spell levels left.
You didn't know any spells.

Dungeon Overview and Level Annotations

Branches:
Dungeon (8/15)             Temple (0/1) D:6
   Lair: D:8-11

Altars:
Ashenzari
Cheibriados
Dithmenos
Nemelex Xobeh
Trog
Vehumet
Yredelemnul
The Shining One

Annotations:
D:8 Erica


Innate Abilities, Weirdness & Mutations

You reflexively headbutt those who attack you in melee.
You have a pair of horns on your head.


Message History

Erica casts a spell.
Erica flickers and vanishes!
Deactivating autopickup; reactivate with Ctrl-A.
You thump something! Your headbutt misses something.
You feel sick. Something hits you.
* * * LOW HITPOINT WARNING * * *
Something burns you.
* * * LOW HITPOINT WARNING * * *
You sock something! You headbutt something.
You are no longer berserk.
You are exhausted.
You feel as though you will be slow longer.
You hear some strange, mumbled words.
You are confused.
You sock something!
You feel sick.
You hear some strange, mumbled words.
A bolt of poison appears from out of thin air!
The bolt of poison hits you!
You are lethally poisoned!
You die...

#...>.....####....#
# ##..<....##
##.#%# ###
##....>## ##...#
..# ##...## ....#
.♣# ##'## ...## ..#
#.##### ..## .♣#
#†#... .## ##
##.#.######.#.# ###
##.......@{....#
..#
###.....######...#
#.# #...........#
>#
#.####.###.#.###.#
.......# #.#.#
#.###### #.#.# #.#
#.#.. #.##### #.#.#
......# #.#


There were no monsters in sight!

Vanquished Creatures
  A hungry ghost (D:7)
  A hippogriff (D:7)
  A water moccasin (D:7)
  Duvessa (D:4)
  2 sky beasts
  4 ogres
  A necrophage (D:6)
  A big kobold (D:7)
  4 giant frogs
  A wyvern zombie (D:6)
  Dowan (D:4)
  2 scorpions
  A howler monkey (D:4)
  A giant frog zombie (D:7)
  2 jellies (D:6)
  Crazy Yiuf (D:4)
  2 giant frog skeletons
  3 orc wizards (D:4)
  An orc priest (D:6)
  An iguana (D:8)
  A worker ant (D:8)
  A killer bee zombie (D:6)
  A howler monkey zombie (D:7)
  2 worker ant zombies (D:5)
  Robin (D:2)
  A howler monkey skeleton (D:4)
  14 adders
  A river rat (D:6)
  2 shadow imps
  3 oozes
  An adder skeleton (D:8)
  4 worms
  2 dart slugs
  9 giant geckos
  15 orcs
  5 giant cockroaches
  11 goblins
  10 hobgoblins
  26 kobolds
  4 quokkas
  A ball python (D:2)
  13 bats
  A giant cockroach zombie (D:5)
  4 giant newts
  10 rats
  8 plants
183 creatures vanquished.

Vanquished Creatures (others)
  A centaur (D:5)
  3 plants (D:4)
4 creatures vanquished.

Grand Total: 187 creatures vanquished

Notes
Turn   | Place    | Note
--------------------------------------------------------------
     0 | D:1      | Ihatecarrots00 the Minotaur Berserker began the quest for the Orb.
     0 | D:1      | Reached XP level 1. HP: 19/19 MP: 0/0
   572 | D:2      | Reached XP level 2. HP: 8/27 MP: 1/1
  1154 | D:2      | Reached XP level 3. HP: 31/33 MP: 2/2
  1269 | D:2      | Noticed Robin
  1269 | D:2      | Reached ** piety under Trog
  1282 | D:2      | Killed Robin
  1578 | D:2      | Reached XP level 4. HP: 39/41 MP: 3/3
  2714 | D:3      | Reached XP level 5. HP: 45/47 MP: 4/4
  3353 | D:3      | Reached *** piety under Trog
  3632 | D:4      | Noticed an ogre
  3635 | D:4      | Noticed Dowan
  3637 | D:4      | Noticed Duvessa
  3638 | D:4      | Killed an ogre
  3638 | D:4      | Reached skill level 5 in Fighting
  3638 | D:4      | Reached skill level 5 in Maces & Flails
  3651 | D:4      | Killed Duvessa
  3651 | D:4      | Reached XP level 6. HP: 47/56 MP: 5/5
  3655 | D:4      | Killed Dowan
  4026 | D:4      | Reached skill level 5 in Dodging
  4036 | D:4      | Reached XP level 7. HP: 50/63 MP: 6/6
  4348 | D:4      | Found a shattered altar of Ashenzari.
  4350 | D:4      | Found a basalt altar of Yredelemnul.
  4763 | D:4      | Noticed Crazy Yiuf
  4771 | D:4      | Killed Crazy Yiuf
  4918 | D:5      | Entered Level 5 of the Dungeon
  4943 | D:5      | Found a shadowy altar of Dithmenos.
  5006 | D:5      | Found a bloodstained altar of Trog.
  5036 | D:5      | Paralysed by fainting for 11 turns
  5124 | D:5      | Paralysed by fainting for 7 turns
  5225 | D:5      | Found a radiant altar of Vehumet.
  5267 | D:5      | Reached skill level 5 in Armour
  5652 | D:5      | HP: 1/64 [poisoned by an orc]
  6073 | D:5      | Reached XP level 8. HP: 71/71 MP: 7/7
  6356 | D:6      | Reached skill level 1 in Stealth
  6468 | D:6      | Found a staircase to the Ecumenical Temple.
  6541 | D:6      | Found a sparkling altar of Nemelex Xobeh.
  6640 | D:6      | Found a snail-covered altar of Cheibriados.
  7314 | D:6      | Reached **** piety under Trog
  8041 | D:7      | Reached XP level 9. HP: 65/80 MP: 8/8
  9781 | D:8      | Found a glowing golden altar of the Shining One.
  9830 | D:8      | Noticed Erica
  9850 | D:8      | Killed from afar by Erica

Skill      XL: |  1  2  3  4  5  6  7  8  9 |
---------------+----------------------------+-----
Maces & Flails | 4 5 6 7 8 |  8.0
Fighting       | 4 5 6 8 |  8.4
Dodging        | 3 4 5 6 |  6.1
Armour         | 3 5 8 |  8.5
Stealth        | 1 |  1.4

Action                   |  1- 3 |  4- 6 |  7- 9 || total
-------------------------+-------+-------+-------++-------
Melee: Mace              |    61 |   103 |   428 ||   592
       Headbutt          |    10 |    18 |   113 ||   141
Invok: Berserk           |     1 |     2 |     6 ||     9
  Use: Scroll            |     6 |     3 |     2 ||    11
       Potion            |     1 |       |     2 ||     3
  Eat: Bread ration      |     1 |     2 |       ||     3
       Fruit             |     1 |       |     4 ||     5
       Royal jelly       |       |       |     3 ||     3
       Pizza             |       |       |     2 ||     2
       Meat ration       |       |       |     4 ||     4
Armor: Animal skin       |     9 |       |       ||     9
       Leather armour    |     7 |    23 |       ||    30
       Chain mail        |       |    12 |   209 ||   221
Dodge: Dodged            |    54 |   102 |   217 ||   373
Block: Large shield      |       |       |     5 ||     5
